 Dungeon Crawl Stone Soup version 0.29-a0-584-gb10a8bf730 (webtiles) character file.

Game seed: 16936776285410032097

1275 Bruhh the Thaumaturge (level 8, -1/54 HPs)
             Began as a Djinni Fire Elementalist on June 15, 2022.
             Was an Initiate of Ashenzari.
             Engulfed by a cloud of flame (8 damage)
             ... on level 6 of the Dungeon.
             The game lasted 00:09:46 (9551 turns).

Bruhh the Thaumaturge (Djinni Fire Elementalist)    Turns: 9551, Time: 00:09:47

Health: -1/54      AC:  7    Str: 13    XL:     8   Next: 83%
Gold:   307        EV: 12    Int: 19    God:    Ashenzari [......] SH:  0 Dex: 14

rFire   + . .      SeeInvis .   x - +0 short sword (protect)
rCold   . . .      Faith    .   (no shield)
rNeg    . . .      Spirit   .   n - +0 leather armour
rPois   ∞          Reflect  .   h - +2 helmet
rElec   .          Harm     .   (no cloak)
rCorr   .          Rampage  .   d - +0 pair of gloves
Will    .....                   (boots unavailable)
Stlth   ++........              (no amulet)
HPRegen 0.18/turn               f - +6 ring of strength
MPRegen 0.00/turn               s - ring of ice

@: flying
A: sickness immunity, fire resistance 2, cold vulnerability 1, float, innate
caster, HP casting, extra vitality 1
a: Renounce Religion


You were on level 6 of the Dungeon.
You worshipped Ashenzari.
Ashenzari was noncommittal.
You visited 1 branch of the dungeon, and saw 6 of its levels.

You collected 307 gold pieces.

Inventory:

Hand Weapons
 b - a +0 club
 w - a +0 whip
 x - a +0 short sword of protection (weapon)
Armour
 a - a +0 robe
 d - a +0 pair of gloves (worn)
 h - a +2 helmet (worn)
 n - a +0 leather armour (worn)
 D - a +0 buckler
Jewellery
 f - a +6 ring of strength (left hand)
 s - a ring of ice (right hand)
 v - a ring of ice
Wands
 k - a wand of flame (15)
 A - a wand of polymorph (5)
Scrolls
 g - 2 scrolls of magic mapping
 i - a scroll of vulnerability {unknown}
 l - 2 scrolls of enchant weapon {unknown}
 o - a scroll of noise {unknown}
 p - a scroll of blinking {unknown}
 q - 4 scrolls of teleportation
 r - 3 scrolls of poison {unknown}
 y - a scroll of torment {unknown}
Potions
 c - 5 potions of curing
 e - a potion of berserk rage
 j - 2 potions of brilliance
 m - 3 potions of magic
 t - a potion of haste {unknown}
 u - a potion of flight {unknown}
 z - 3 potions of degeneration {unknown}
 B - a potion of cancellation {unknown}
 C - a potion of ambrosia {unknown}


   Skills:
 + Level 1.9 Fighting
 - Level 2.1 Dodging
 - Level 1.5 Stealth
 - Level 8.0 Spellcasting


You had 5 spell levels left.
You knew the following spells:

 Your Spells              Type           Power      Damage    Failure   Level
a - Foxfire               Conj/Fire      100%       2x1d9     1%          1
b - Scorch                Fire           76%        2d8       1%          2
c - Conjure Flame         Conj/Fire      38%        6-21      1%          3
d - Inner Flame           Hex/Fire       38%        N/A       1%          3
e - Flame Wave            Conj/Fire      38%        2d9       4%          4
f - Beastly Appendage     Tmut           76%        N/A       1%          1
g - Ensorcelled Hibernat  Hex/Ice        100%       N/A       1%          2
h - Searing Ray           Conj           76%        2d7       1%          2
Your spell library was empty.

Dungeon Overview and Level Annotations

Branches:
Dungeon (6/15)             Temple (0/1) D:5

Altars:
Ashenzari

Shops:
D:3 [[[*[   D:5 =


Innate Abilities, Weirdness & Mutations

You are immune to sickness and miasma.
You are immune to poison.
Your flesh is very heat resistant. (rF++)
You are vulnerable to cold. (rC-)
You float through the air rather than walking.
You learn spells naturally, not from books.
Your magical power is your life essence.
You have superior vitality. (+4 MHP)


Message History

Press: ? - help, Dir - move target, f - kobold, p - water moccasin
Aim: a kobold, wielding a +0 dagger (chance to affect: 96%)
The kobold is filled with an inner flame.
A kobold comes into view. It is wielding a +0 short sword.
Unknown command.
Casting: Inner Flame (safe; 1% risk of failure)
Confirm with . or Enter, or press ? or * to list all spells.
Aiming: Inner Flame (safe; 1% risk of failure)
Press: ? - help, Dir - move target, f - kobold, p - kobold
Aim: a kobold, wielding a +0 club and quivering stones (chance to affect: 96%)
The kobold is filled with an inner flame.
The kobold shouts!
The water moccasin bites you but does no damage.
Unknown command.
Casting: Inner Flame (safe; 1% risk of failure)
Confirm with . or Enter, or press ? or * to list all spells.
Casting: Flame Wave (dangerous; 4% risk of failure)
Press: ? - help, Dir - look around, f - activate A wave of flame ripples out!
The flame wave engulfs the kobold.
You kill the kobold!
The flame wave engulfs the water moccasin!
Flame seeps out of the water moccasin.
The water moccasin is moderately wounded. (Press . to intensify the flame waves.)
The water moccasin is engulfed in blazing flames.
Flame seeps out of the water moccasin.
The water moccasin barely misses you.
The kobold throws a stone.
The stone misses you.
A kobold comes into view.
It is wielding a +0 dagger and quivering poisoned darts.
A wave of flame ripples out!
The flame wave engulfs the kobold!
The flame wave engulfs the water moccasin!
Flame seeps out of the water moccasin.
The water moccasin is almost dead.
The kobold explodes!
The fiery explosion engulfs the water moccasin!!
The fiery explosion engulfs you! You resist.
The water moccasin explodes!
The fiery explosion engulfs you!! You resist.
* * * LOW HITPOINT WARNING * * *
You are engulfed in blazing flames.
You resist.
You die...

#...########..
..
#...#.........
#...#.........
#...'.........
#...#.........
#...#....##..
#...##...#
###+##...##
#..§§@§...+
#..§§○....#
#.K.§§§..##
...KK......#
..K..........
K..K..........
..............!
###############


You could see a kobold brigand and 5 kobolds.

Vanquished Creatures
  Menkaure (D:4)
  A water moccasin (D:6)
  A sky beast (D:6)
  An ice beast (D:3)
  2 ogres
  A scorpion (D:5)
  A necrophage (D:5)
  A howler monkey (D:4)
  4 hounds
  A gnoll shaman (D:5)
  An orc priest (D:4)
  Jessica (D:3)
  3 iguanas
  Ijyb (D:4)
  3 orc wizards
  Robin (D:1)
  5 gnolls (D:5)
  7 adders
  2 shadow imps
  A worm (D:4)
  A dart slug (D:4)
  11 orcs
  4 bats
  8 endoplasms
  4 giant cockroaches
  17 goblins
  9 hobgoblins
  7 jackals
  4 quokkas
  10 ball pythons
  8 frilled lizards
  14 kobolds
  9 rats
145 creatures vanquished.

Vanquished Creatures (others)
  62 foxfires
62 creatures vanquished.

Grand Total: 207 creatures vanquished

Notes
Turn   | Place    | Note
-------+----------+-------------------------------------------
     0 | D:1      | Bruhh the Djinni Fire Elementalist began the quest for the
                  | Orb.
     0 | D:1      | Reached XP level 1. HP: 15/15 MP: 0/0
   454 | D:1      | Reached XP level 2. HP: 17/21 MP: 0/0
   512 | D:1      | Found a faded altar of an unknown god.
   868 | D:1      | Reached skill level 3 in Spellcasting
  1077 | D:1      | Reached XP level 3. HP: 12/25 MP: 0/0
  1077 | D:1      | Learned a level 1 spell: Beastly Appendage
  2419 | D:2      | Reached XP level 4. HP: 26/31 MP: 0/0
  2957 | D:2      | Noticed Robin
  3005 | D:1      | Killed Robin
  3006 | D:1      | Reached skill level 4 in Spellcasting
  3626 | D:3      | Found Yfebur's Antique Armour Shop.
  3897 | D:3      | Reached XP level 5. HP: 31/35 MP: 0/0
  3897 | D:3      | Learned a level 2 spell: Ensorcelled Hibernation
  4196 | D:3      | Found Muuhy's Antique Armour Emporium.
  4514 | D:3      | Found Wohots's Antique Armour Boutique.
  4605 | D:3      | Found Xoqutzar's Antique Armour Shoppe.
  4794 | D:3      | Noticed Jessica
  4798 | D:3      | Killed Jessica
  4874 | D:3      | Found Reuloacw's Assorted Antiques.
  5210 | D:3      | Noticed an ice beast
  5215 | D:3      | Killed an ice beast
  5216 | D:3      | Reached skill level 5 in Spellcasting
  5216 | D:3      | Reached XP level 6. HP: 30/40 MP: 0/0
  5661 | D:4      | Noticed Menkaure
  6452 | D:4      | Killed Menkaure
  6453 | D:4      | Reached XP level 7. HP: 13/45 MP: 0/0
  6453 | D:4      | Learned a level 2 spell: Searing Ray
  6707 | D:4      | Reached skill level 6 in Spellcasting
  7059 | D:4      | Noticed Ijyb
  7419 | D:4      | Killed Ijyb
  7744 | D:5      | Entered Level 5 of the Dungeon
  7870 | D:5      | Reached XP level 8. HP: 33/50 MP: 0/0
  8084 | D:5      | Reached skill level 7 in Spellcasting
  8489 | D:5      | Found Wesk's Jewellery Boutique.
  8773 | D:5      | Found a staircase to the Ecumenical Temple.
  8804 | D:5      | Found a broken altar of Ashenzari.
  9014 | D:5      | Became a worshipper of Ashenzari the Shackled
  9448 | D:6      | Reached skill level 8 in Spellcasting
  9448 | D:6      | Reached skill level 1 in Fighting
  9551 | D:6      | Engulfed by a cloud of flame

Illustrated notes

Levels and vault maps discovered:
D:1:      tarquinn_simple_flora_water_f, layout_loops_ring,
          dreamdust_ecumenical_altar_angels_and_demons, minmay_tetromino_i2
D:2:      layout_rooms, serial_co_window_serial, co_window_paths_a,
          co_window_corner_a, co_window_paths_a, co_window_corner_a,
          co_window_corner_a, co_window_corner_b, co_window_cross_3,
          co_window_2corner, co_window_unsneaky_path_e, co_window_paths_e,
          glass_columns_a, glass_columns_b, glass_columns_a, glass_columns_b,
          glass_columns_b, minmay_lizard_pond, uniq_robin
D:3:      minmay_bubble_buster, layout_loops_corners, serial_shops,
          nicolae_shop_hallway_plus, shop, shop, shop, shop,
          kennysheep_jessica_study
D:4:      layout_rooms, uniq_menkaure, uniq_ijyb
D:5:      layout_loops_ring, mainiacjoe_overflow_alcove_4, temple_statues,
          serial_shops, nicolae_shop_statue_plus
D:6:      minmay_chambers_of_threes, layout_gridville

Skill      XL: |  1  2  3  4  5  6  7  8 |
---------------+-------------------------+-----
Spellcasting   | 3 4 5 6 8 |  8.0
Fighting       | 1 |  1.9
Dodging        | |  2.1
Stealth        | |  1.5

Action                   |  1- 3 |  4- 6 |  7- 9 || total
-------------------------+-------+-------+-------++-------
Melee: Unarmed           |     3 |       |       ||     3
       Club              |     1 |     6 |       ||     7
       Short sword       |       |       |     5 ||     5
 Cast: Foxfire           |    40 |       |     2 ||    42
       Scorch            |    32 |    80 |    80 ||   192
       Inner Flame       |       |       |    10 ||    10
       Conjure Flame     |       |       |     1 ||     1
       Flame Wave        |       |       |     1 ||     1
  Use: Scroll            |       |       |     5 ||     5
       Potion            |       |       |     1 ||     1
Armor: Robe              |     4 |       |       ||     4
       Leather armour    |       |    18 |    17 ||    35
Dodge: Dodged            |     5 |    28 |    27 ||    60

Table legend: (Time is in decaauts)
 A = Elapsed time spent in this place.
 B = Non-inter-level travel time spent in this place.
 C = Inter-level travel time spent in this place.
 D = Time resting spent in this place.
 E = Time spent auto-exploring this place.
 F = Levels seen in this place.
 G = Mean time per level.
                   A        B        C        D        E       F      G
               +--------+--------+--------+--------+--------+-----+--------+
         Total |   9554 |   9240 |    314 |   1472 |   6904 |   6 | 1592.3 |
       Dungeon |   9554 |   9240 |    314 |   1472 |   6904 |   6 | 1592.3 |
               +--------+--------+--------+--------+--------+-----+--------+

Top non-repeatable levels by time:
     D:3: 3030 daAuts
     D:1: 2356 daAuts
     D:5: 1509 daAuts
     D:2: 1270 daAuts
     D:4: 1090 daAuts
     D:6: 297 daAuts
